 Dungeon Crawl Stone Soup version 0.23.0 (webtiles) character file.

Game seed: 1800531709253169891

115 LostNumber the Ruffian (level 4, -3/42 HPs)
             Began as a Troll Ice Elementalist on Feb 14, 2019.
             Killed by divine providence
             ... invoked by an orc priest
              (11 damage)
             ... on level 6 of the Dungeon.
             The game lasted 00:03:23 (1164 turns).

LostNumber the Ruffian (Troll Ice Elementalist)     Turns: 1164, Time: 00:03:23

Health: -3/42      AC:  6    Str: 16 (17) XL:     4   Next: 68%
Magic:  4/4        EV:  9    Int: 10 (11) God:
Gold:   87         SH:  0    Dex:  8 (10) Spells: 4/5 levels left

rFire    . . .     SeeInvis .     - Unarmed
rCold    . . .     Gourm    +   (no shield)
rNeg     . . .     Faith    .   a - +0 robe
rPois    .         Spirit   .   (helmet restricted)
rElec    .         Reflect  .   (no cloak)
rCorr    .         Harm     .   (gloves unavailable)
MR       .....                  (boots unavailable)
Stlth    +.........             (no amulet)
HPRegen  0.54/turn              g - ring of wizardry
MPRegen  0.09/turn              (no ring)

@: no status effects
A: large, unfitting armour, claws 3, fast metabolism 3, gourmand, regeneration
1, shaggy fur 1, tough skin 3
a: no special abilities


You were on level 6 of the Dungeon.
You were completely stuffed.

You visited 1 branch of the dungeon, and saw 4 of its levels.

You collected 87 gold pieces.

Inventory:

Armour
 a - a +0 robe (worn)
Jewellery
 g - a ring of wizardry (left claw)
   (You found it on level 2 of the Dungeon)
Scrolls
 f - a scroll of identify {@r1}
Potions
 b - 2 potions of flight
Comestibles
 e - 4 rations {!d}
 h - 6 chunks of flesh


   Skills:
 + Level 1.9 Fighting
 - Level 1.5 Dodging
 - Level 1.0 Stealth
 * Level 3.5 Unarmed Combat
 - Level 1.2 Spellcasting
   Level 0.6 Conjurations
 - Level 2.1 Ice Magic


You had 4 spell levels left.
You knew the following spells:

 Your Spells              Type           Power        Failure   Level  Hunger
a - Freeze                Ice            #...         6%          1    ##.....

Your spell library contained the following spells:

 Spells                   Type           Power        Failure   Level  Hunger
 Throw Frost              Conj/Ice       #.....       12%         2    ###....
 Ozocubu's Armour         Chrm/Ice       #.......     26%         3    ####...
 Throw Icicle             Conj/Ice       #.......     56%         4    #####..
 Summon Ice Beast         Ice/Summ       #.......     61%         4    #####..


Dungeon Overview and Level Annotations

Branches:
Dungeon (3/15)

Altars:
Nemelex Xobeh
Vehumet


Innate Abilities, Weirdness & Mutations

You are too large for most types of armour.
You have claws for hands.
Your metabolism is lightning-fast.
You like to eat raw meat.
Your natural rate of healing is unusually fast.
You are covered in fur. (AC +1)
You have extremely tough skin. (AC +3)


Message History

Found a scroll of identify.
You claw the orc!
You kill the orc!
The orc wizard points at you and mumbles some strange words.
You are confused.
Unknown command.
You bump into the rock wall.
The hound bites you but does no damage.
The orc wizard hits you but does no damage.
An orc priest opens the door.
The hound closely misses you.
You bump into the rock wall.
The orc wizard hits you with a +0 dagger.
* * * LOW HITPOINT WARNING * * *
The hound completely misses you.
You miss the hound. The hound bites you.
* * * LOW HITPOINT WARNING * * *
The orc wizard completely misses you. The hound bites you but does no damage.
You bump into the rock wall.
The orc wizard hits you with a +0 dagger.
* * * LOW HITPOINT WARNING * * *
The hound stops to sniff the ground.
The hound bites you but does no damage.
You claw the hound! The hound barely misses you. The orc wizard misses you.
The hound bites you but does no damage.
You scratch the hound.
You feel less confused.
The orc wizard hits you but does no damage.
The hound bites you.
* * * LOW HITPOINT WARNING * * *
You claw the hound!
You kill the hound!
You feel your intelligence returning.
An adder comes into view.
Items here: ) [ †† a +0 short sword; a +0 robe; a hound corpse; an orc corpse Unknown command.
The orc wizard gestures at you while chanting.
The magic dart hits you.
* * * LOW HITPOINT WARNING * * *
Found a stone staircase leading down.
You hear the slow hiss of an avalanche of sand nearby.
Found 9 gold pieces.
Unknown command.
The adder hisses angrily.
The orc priest miscasts a cantrip.
The orc wizard gestures wildly while chanting.
The orc wizard flickers and vanishes!
Deactivating autopickup; reactivate with Ctrl-A.
The orc priest invokes the aid of Beogh against you.
Beogh smites you!
You die...

#.# #.....#
##)######.....#
#.o.....#.....#
#.......#.....#
#o......#.....#
#.S...?.#.....#
#.......#.....#
##.############
#.o...S.o@..#
#.#########.#
#.# .. ..# ..#
.... .# #..>. #
#...$ #...


You could see an orc warrior, an orc priest and an adder.

Vanquished Creatures
  A hound (D:6)
  Jessica (D:3)
  An adder (D:2)
  A worm (D:2)
  A dart slug (D:1)
  3 leopard geckos
  An orc (D:6)
  A giant cockroach (D:2)
  7 hobgoblins (D:1)
  4 jackals (D:3)
  5 kobolds
  A ball python (D:1)
  5 bats (D:1)
  2 frilled lizards
  6 goblins
40 creatures vanquished.

Notes
Turn   | Place    | Note
-------+----------+-------------------------------------------
     0 | D:1      | LostNumber the Troll Ice Elementalist began the quest for
                  | the Orb.
     0 | D:1      | Reached XP level 1. HP: 16/16 MP: 1/1
   193 | D:1      | Reached skill level 1 in Unarmed Combat
   211 | D:1      | Reached XP level 2. HP: 26/26 MP: 2/2
   439 | D:1      | Reached skill level 1 in Fighting
   446 | D:1      | Reached skill level 2 in Unarmed Combat
   558 | D:1      | Reached XP level 3. HP: 33/33 MP: 3/3
   913 | D:2      | Found a sparkling altar of Nemelex Xobeh.
  1042 | D:3      | Noticed Jessica
  1056 | D:3      | Killed Jessica
  1056 | D:3      | Reached skill level 3 in Unarmed Combat
  1056 | D:3      | Reached XP level 4. HP: 21/41 MP: 4/4
  1106 | D:3      | You fall through a shaft for 3 floors!
  1106 | D:6      | Found a radiant altar of Vehumet.
  1113 | D:6      | Noticed an orc warrior
  1164 | D:6      | Killed from afar by an orc priest

Skill      XL: |  1  2  3 |
---------------+----------+-----
Unarmed Combat | 1 2 3 |  3.5
Fighting       | 1 |  1.9
Dodging        | |  1.5
Stealth        | |  1.0
Spellcasting   | |  1.2
Conjurations   | |  0.6
Ice Magic      | |  2.1

Action                   |  1- 3 |  4- 6 || total
-------------------------+-------+-------++-------
Melee: Unarmed           |   111 |    13 ||   124
       Punch             |     2 |       ||     2
  Use: Scroll            |       |     3 ||     3
       Potion            |       |     1 ||     1
 Stab: Sleeping          |     1 |       ||     1
  Eat: Chunk             |    15 |     1 ||    16
Armor: Robe              |    53 |    12 ||    65
Dodge: Dodged            |    65 |    16 ||    81
